 Dungeon Crawl Stone Soup version 0.29.1-12-g30fa7ad0bf (webtiles) character file.

Game seed: 3390822444819719413

13601 zeram the Basher (level 11, 0/109 HPs)
             Began as a Troll Fighter on Dec 24, 2022.
             Was an Initiate of Gozag.
             Slain by a killer bee (5 damage)
             ... on level 10 of the Dungeon.
             The game lasted 00:34:26 (12314 turns).

zeram the Basher (Troll Fighter)                   Turns: 12314, Time: 00:34:26

Health: 0/109      AC:  5    Str: 29    XL:     11   Next: 77%
Magic:  10/10      EV: 11    Int:  8    God:    Gozag
Gold:   977        SH:  0    Dex:  6    Spells: 5/10 levels left

rFire   + + .      SeeInvis +   E - +0 giant spiked club
rCold   + . .      Faith    .   (shield currently unavailable)
rNeg    + + .      Spirit   .   b - +0 robe
rPois   .          Reflect  .   (helmet restricted)
rElec   +          Harm     .   d - +0 cloak
rCorr   .          Rampage  .   (gloves unavailable)
Will    .....                   (boots unavailable)
Stlth   +.........              A - amulet "Zoomotel" {rElec rF+ Regen+ Str+3 Dex-3}
HPRegen 1.88/turn               z - ring of the Lily {rF+ Slay+3 SInv}
MPRegen 0.12/turn               j - ring "Omyfuaru" {Wiz rElec rC+ rN++ Slay+3}

@: lethally poisoned (0 -> -2), gold aura
A: large, unfitting armour, claws 3, regeneration 1, shaggy fur 1, tough skin 1
a: Renounce Religion, Potion Petition, Call Merchant, Bribe Branch


You were on level 10 of the Dungeon.
You worshipped Gozag.
Gozag was pleased with you.
You visited 4 branches of the dungeon, and saw 15 of its levels.

You collected 2529 gold pieces.
You spent 1497 gold pieces at shops.
You paid 55 gold pieces to Gozag.

Inventory:

Hand Weapons
 a - a +0 flail
 q - a +1 flail of protection
 E - a +0 giant spiked club (weapon)
Missiles
 G - 2 throwing nets (quivered)
Armour
 b - a +0 robe (worn)
 c - a +0 kite shield
 d - a +0 cloak (worn)
 t - the +1 kite shield of Xyirch {rF+}
   (You bought it in a shop on level 1 of the Dungeon)

   rF:        It protects you from fire.
Jewellery
 f - a +6 ring of dexterity
 j - the ring "Omyfuaru" (right claw) {Wiz rElec rC+ rN++ Slay+3}
   (You acquired it on level 3 of the Dungeon)

   [ring of wizardry]

   It improves your spell success rate.
   Slay:      It affects your accuracy & damage with ranged weapons and melee
   (+3).
   rC:        It protects you from cold.
   rElec:     It insulates you from electricity.
   rN:        It greatly protects you from negative energy.
 l - a ring of fire
 o - a ring of protection from cold
 w - a ring of resist corrosion
 y - an amulet of regeneration
 z - the ring of the Lily (left claw) {rF+ Slay+3 SInv}
   (You bought it in a shop on level 1 of the Dungeon)

   [ring of see invisible]

   Slay:      It affects your accuracy & damage with ranged weapons and melee
   (+3).
   rF:        It protects you from fire.
   SInv:      It lets you see invisible.
 A - the amulet "Zoomotel" (around neck) {rElec rF+ Regen+ Str+3 Dex-3}
   (You bought it in a shop on level 1 of the Dungeon)

   [amulet of regeneration]

   Str:       It affects your strength (+3).
   Dex:       It affects your dexterity (-3).
   rF:        It protects you from fire.
   rElec:     It insulates you from electricity.
   Regen:     It increases your rate of health regeneration.
 B - an amulet of the acrobat
Wands
 p - a wand of digging (7)
 r - a wand of charming (3)
 F - a wand of roots (4)
Scrolls
 i - 3 scrolls of teleportation
 m - a scroll of magic mapping
 C - 2 scrolls of silence
Potions
 g - 2 potions of flight
 h - 7 potions of curing
 k - 2 potions of ambrosia
 n - 2 potions of brilliance
 s - a potion of berserk rage
 u - a potion of degeneration
 v - a potion of haste
 x - a potion of attraction {unknown}
 D - 2 potions of magic {unknown}


   Skills:
 + Level 7.2 Fighting
 + Level 11.8 Maces & Flails
 + Level 7.7 Dodging
 + Level 8.0 Shields
 * Level 0.3 Summonings
 + Level 0.2 Evocations


You had 5 spell levels left.
You knew the following spells:

 Your Spells              Type           Power      Damage    Failure   Level
a - Call Imp              Summ           0%         N/A       22%         2
b - Vampiric Draining     Necr           0%         2d6       45%         3

Your spell library contained the following spells:

 Spells                   Type           Power      Damage    Failure   Level
 Summon Small Mammal      Summ           0%         N/A       16%         1
 Magic Dart               Conj           0%         1d3       17%         1
 Slow                     Hex            0%         N/A       17%         1
 Sting                    Tmut/Pois      0%         1d3       17%         1
 Poisonous Vapours        Pois/Air       0%         N/A       26%         2
 Call Canine Familiar     Summ           0%         N/A       41%         3
 Summon Guardian Golem    Hex/Summ       0%         N/A       43%         3
 Confusing Touch          Hex            0%         N/A       45%         3
 Ignite Poison            Fire/Tmut/Pois 0%         N/A       45%         3
 Mephitic Cloud           Conj/Pois/Air  0%         N/A       45%         3
 Olgreb's Toxic Radiance  Pois           0%         N/A       83%         4
 Freezing Cloud           Conj/Ice/Air   0%         6-21      99%         5


Dungeon Overview and Level Annotations

Branches:
Dungeon (11/15)            Temple (1/1) D:4            Lair (1/5) D:10
    Orc (2/2) D:9
    Elf: Orc:2

Altars:
Ashenzari
Cheibriados
Dithmenos
Elyvilon
Fedhas
Gozag
Hepliaklqana
Kikubaaqudgha
Makhleb
Nemelex Xobeh
Okawaru
Qazlal
Ru
Sif Muna
Trog
Uskayaw
Vehumet
Wu Jian
Xom
Yredelemnul
Zin
The Shining One
Jiyva

Shops:
D:1 ([[(=

Annotations:
D:9 1 runed translucent door, 2 transporters


Innate Abilities, Weirdness & Mutations

You are too large for most types of armour.
You have claws for hands.
Your natural rate of healing is unusually fast.
You are covered in fur. (AC +1)
You have tough skin. (AC +1)


Message History

The killer bee stings you but does no damage.
You miss the killer bee.
You feel very sick.
The killer bee is distracted by your dazzling golden aura.
You miss the killer bee.
The killer bee is no longer distracted by gold.
You feel very sick. The killer bee barely misses you.
The killer bee stings you.
You are more poisoned.
The killer bee poisons you! The killer bee misses you.
You closely miss the killer bee.
You feel very sick. The killer bee stings you. x2
You are more poisoned.
The killer bee poisons you!
You closely miss the killer bee.
You carefully extract the barbed spikes from your body.
You feel extremely sick. The killer bee stings you!
* * * LOW HITPOINT WARNING * * *
You are more poisoned.
The killer bee poisons you! The killer bee stings you.
* * * LOW HITPOINT WARNING * * *
You closely miss the killer bee.
You feel extremely sick. The killer bee barely misses you.
The killer bee is distracted by your dazzling golden aura.
Unknown command.
You closely miss the killer bee.
The killer bee is no longer distracted by gold.
The killer bee buzzes angrily.
You feel very sick. The killer bee closely misses you.
The killer bee stings you!
* * * LOW HITPOINT WARNING * * *
Unknown command.
You miss the killer bee.
You feel very sick. The killer bee stings you.
You die...
Your body crumbles into a pile of gold.

###################.......
#....................#####
#....................#....
#.............######.#....
#.............# #.#....
##.............# #.#....
#..............# #.#....
#..............# #.#+###
#........)@....# #......
###...[.......# #......
#................# #..####
#................# #..'...
#................######..#...
####....######..............#...
#.......#....#..............#...
#.......#....#..............#...
#.......#....#..............#...


You could see a killer bee.

Vanquished Creatures
  A two-headed ogre (D:9)
  Amaemon (Lair:1)
  An orc knight (Orc:1)
  Joseph (D:7)
  A gargoyle (D:7)
  A komodo dragon (Lair:1)
  A troll (Orc:1)
  Eustachio (D:6)
  28 yaks
  3 wyverns
  A steam dragon (D:9)
  Menkaure (D:6)
  A warg (Orc:1)
  An acid dragon (D:10)
  8 water moccasins
  16 orc warriors
  4 sky beasts
  A black bear (D:6)
  An ogre (Orc:1)
  4 centaurs
  2 kobold brigands
  2 gnoll sergeants
  Blork the orc (D:4)
  3 bullfrogs
  2 necrophages
  9 killer bees
  5 howler monkeys
  2 jellies
  2 gnoll boudas
  13 orc priests
  Jessica (D:3)
  5 iguanas
  Terence (D:2)
  12 orc wizards
  Robin (D:4)
  14 gnolls
  6 adders
  A shadow imp (D:6)
  2 white imps
  2 ufetubi
  4 worms
  2 dart slugs
  68 orcs
  3 bats
  9 endoplasms
  5 giant cockroaches
  19 goblins
  9 hobgoblins
  6 quokkas
  6 ball pythons
  2 frilled lizards (D:1)
  18 kobolds
  5 rats
319 creatures vanquished.

Vanquished Creatures (collateral kills)
  A water moccasin (D:4)
  2 orcs
3 creatures vanquished.

Vanquished Creatures (others)
  A gnoll (D:6)
  A quokka (D:10)
  4 fungi (D:10)
  19 plants (D:10)
25 creatures vanquished.

Grand Total: 347 creatures vanquished

Notes
Turn   | Place    | Note
-------+----------+-------------------------------------------
     0 | D:1      | zeram the Troll Fighter began the quest for the Orb.
     0 | D:1      | Reached XP level 1. HP: 22/22 MP: 0/0
    29 | D:1      | Found Ufofoech's Jewellery Boutique.
    95 | D:1      | Reached XP level 2. HP: 29/29 MP: 1/1
   100 | D:1      | Found Erherosm's Weapon Shop.
   151 | D:1      | Reached skill level 2 in Maces & Flails
   171 | D:1      | Found Fuprifoo's Antique Armour Emporium.
   177 | D:1      | Found Hygat's Antique Armour Shop.
   329 | D:1      | Reached XP level 3. HP: 36/36 MP: 2/2
   357 | D:1      | Found Keunosew's Weapon Shoppe.
   687 | D:2      | Found a faded altar of an unknown god.
   770 | D:2      | Reached XP level 4. HP: 25/44 MP: 3/3
  1038 | D:2      | Found a basalt altar of Yredelemnul.
  1535 | D:3      | Noticed Terence
  1575 | D:2      | Killed Terence
  1576 | D:2      | Reached skill level 3 in Maces & Flails
  1576 | D:2      | Reached XP level 5. HP: 31/52 MP: 4/4
  1623 | D:3      | Noticed Jessica
  1631 | D:3      | Killed Jessica
  2159 | D:3      | Found a glowing silver altar of Zin.
  2180 | D:4      | Found a staircase to the Ecumenical Temple.
  2181 | D:4      | Noticed Robin
  2357 | D:3      | Identified a scroll of acquirement
  2357 | D:3      | Acquired the ring "Omyfuaru" {Wiz rElec rC+ rN++ Slay+3}
  2375 | D:4      | Killed Robin
  2376 | D:4      | Reached XP level 6. HP: 54/61 MP: 5/5
  2861 | D:4      | Reached skill level 4 in Maces & Flails
  2954 | D:4      | Noticed Blork the orc
  2960 | D:4      | Killed Blork the orc
  3192 | Temple   | Entered the Ecumenical Temple
  3273 | Temple   | Became a worshipper of Gozag Ym Sagoz the Greedy
  3354 | D:5      | Entered Level 5 of the Dungeon
  3354 | D:5      | Noticed a water moccasin
  3368 | D:4      | Killed a water moccasin
  3369 | D:4      | Reached XP level 7. HP: 61/67 MP: 6/6
  3453 | D:5      | Found a shimmering blue altar of Sif Muna.
  3539 | D:5      | Reached skill level 5 in Maces & Flails
  4031 | D:5      | Found a bloodstained altar of Trog.
  4031 | D:5      | Found an iron altar of Okawaru.
  4489 | D:6      | Learned a level 2 spell: Call Imp
  4493 | D:6      | Learned a level 3 spell: Vampiric Draining
  4584 | D:6      | Reached skill level 6 in Maces & Flails
  4584 | D:6      | Reached XP level 8. HP: 78/78 MP: 7/7
  4597 | D:6      | Noticed Menkaure
  4604 | D:6      | Killed Menkaure
  4982 | D:6      | Noticed Eustachio
  5051 | D:6      | Killed Eustachio
  5122 | D:6      | Reached skill level 7 in Maces & Flails
  5143 | D:6      | Reached skill level 5 in Shields
  6027 | D:1      | Bought a faintly glowing kite shield for 218 gold pieces
  6027 | D:1      | Identified the +1 kite shield of Xyirch {rF+} (You bought
                  | it in a shop on level 1 of the Dungeon)
  6208 | D:7      | Noticed Joseph
  6222 | D:7      | Killed Joseph
  6223 | D:7      | Reached skill level 5 in Dodging
  6223 | D:7      | Reached XP level 9. HP: 74/85 MP: 8/8
  6266 | D:7      | Reached skill level 8 in Maces & Flails
  6287 | D:7      | Found a glowing golden altar of the Shining One.
  6500 | D:7      | Found a hazy altar of Hepliaklqana.
  6503 | D:7      | Found a shadowy altar of Dithmenos.
  6760 | D:7      | Found a burning altar of Makhleb.
  7003 | D:1      | Bought the ring of the Lily {rF+ Slay+3 SInv} for 540 gold
                  | pieces
  7175 | D:8      | Reached skill level 5 in Fighting
  7225 | D:8      | Noticed a gargoyle
  7393 | D:7      | Reached skill level 9 in Maces & Flails
  7397 | D:7      | Reached XP level 10. HP: 73/96 MP: 9/9
  7500 | D:7      | Killed a gargoyle
  7574 | D:8      | Identified the +4 spear "Demonbane" {antimagic, Will+
                  | Dex+4}
  8243 | D:9      | Found a runed translucent door.
  8246 | D:9      | Found a basalt altar of Yredelemnul.
  8350 | D:9      | Found a viscous altar of Jiyva.
  8401 | D:9      | Found a transporter.
  8401 | D:9      | Found a transporter.
  8403 | D:9      | Noticed a great orb of eyes
  8511 | D:9      | Found a staircase to the Orcish Mines.
  8620 | D:10     | Entered Level 10 of the Dungeon
  8623 | D:10     | Reached skill level 10 in Maces & Flails
  9001 | Orc:1    | Entered Level 1 of the Orcish Mines
  9157 | Orc:1    | Noticed a two-headed ogre
  9211 | D:9      | Killed a two-headed ogre
  9293 | Orc:1    | Reached XP level 11. HP: 99/105 MP: 10/10
  9512 | Orc:2    | Entered Level 2 of the Orcish Mines
  9551 | Orc:2    | Noticed an orc knight
  9763 | D:1      | Bought the amulet "Zoomotel" {rElec rF+ Regen+ Str+3 Dex-3}
                  | for 663 gold pieces
 10424 | Orc:1    | HP: 2/107 [orc knight/+0 dire flail (26)]
 10487 | Orc:1    | Killed an orc knight
 10679 | D:1      | Bought a cloak for 76 gold pieces
 10934 | Orc:2    | Noticed an orc knight
 10936 | Orc:2    | Noticed an orc sorcerer
 11120 | D:10     | Found a blossoming altar of Fedhas.
 11224 | D:10     | Found a white marble altar of Elyvilon.
 11381 | D:10     | Reached skill level 11 in Maces & Flails
 11442 | D:10     | Found a staircase to the Lair.
 11759 | D:10     | Found a stormy altar of Qazlal.
 11982 | Lair:1   | Entered Level 1 of the Lair of Beasts
 11985 | Lair:1   | Noticed Amaemon
 12034 | Lair:1   | Killed Amaemon
 12186 | D:11     | Noticed a brown ugly thing
 12300 | D:11     | Noticed a two-headed ogre
 12314 | D:10     | HP: 5/109 [poisoned by a killer bee]
 12314 | D:10     | Slain by a killer bee

Illustrated notes

Levels and vault maps discovered:
D:1:      noname_arrival_rooms_in_the_neighbourhood, layout_rooms, serial_shops,
          shop_fountains, nicolae_shop_waterfront, shop, shop,
          nicolae_shop_advertising_works [nicolae_subvault_shop_adworks]
D:2:      minmay_general_purpose_star, layout_basic, basic_altar,
          shapermc_ecumenical_altar_gd
D:3:      layout_rooms, lemuel_crystal_altar, chequers_serial_rivers_large_b,
          uniq_jessica, uniq_terence
D:4:      layout_basic, minmay_temple_entry_proselytizer, uniq_robin,
          uniq_blork_the_orc
D:5:      layout_loops_corners, grunt_temple_overflow_bloody_war,
          lemuel_doored_altar, dk_rats_in_the_wall
D:6:      layout_basic, serial_corexii_hall, corexii_hall_statues_x,
          corexii_hall_statues_s, kennysheep_big_empty_room, hex_intersection,
          uniq_menkaure, uniq_eustachio
D:7:      layout_gridville, riverfiend_overflow_shadow_ancestor,
          mainiacjoe_overflow_surrounded_room, lemuel_coloured_pillars_altar,
          grunt_decor_mini_mirrors, uniq_joseph
D:8:      layout_cave_pools
D:9:      gammafunk_jiyva_shrine, layout_cave_pools, dk_yredelemnul_ordeal
D:10:     layout_irregular_city, fedhas_altar_4, nicolae_overflow_crystal_walls,
          elyvilon_altar_4, minmay_lair_entry_grove, hangedman_decor_peaks_small
D:11:     layout_big_octagon, portal_ice_cave_rime
Temple:   eino_temple_lava
Lair:1:   layout_long_grid, basic_altar, worms_lemuel, uniq_erica, uniq_amaemon
Orc:1:    layout_caves, gammafunk_ghost_grave
Orc:2:    grunt_orc_cross, layout_caves, serial_shops, nicolae_diamond_shop,
          uniq_snorg, uniq_nessos, uniq_saint_roka

Skill      XL: |  1  2  3  4  5  6  7  8  9 10 11 |
---------------+----------------------------------+-----
Maces & Flails | 2 3 4 6 7 9 10 11 | 11.8
Shields        | 3 4 5 6 7 8 |  8.0
Dodging        | 3 4 5 6 7 |  7.7
Fighting       | 3 4 5 6 7 |  7.2
Summonings     | |  0.3
Evocations     | |  0.2

Action                   |  1- 3 |  4- 6 |  7- 9 | 10-12 || total
-------------------------+-------+-------+-------+-------++-------
Melee: Flail             |   146 |   236 |   383 |   332 ||  1097
       Giant spiked club |       |       |       |   172 ||   172
Evoke: Wand              |       |       |     1 |     4 ||     5
  Use: Scroll            |     3 |    12 |     8 |     8 ||    31
       Potion            |       |       |     1 |    13 ||    14
 Stab: Sleeping          |       |     1 |     1 |     1 ||     3
       Distracted        |       |       |       |     2 ||     2
Armor: Robe              |    51 |   107 |   164 |   188 ||   510
Dodge: Dodged            |    51 |   136 |   187 |   345 ||   719
Block: Kite shield       |    72 |   149 |   214 |   257 ||   692
